 Dungeon Crawl Stone Soup version 0.26-a0-579-g3afe4966bf (webtiles) character file.

Game seed: 15050512367137331994

901430 Hores the Ruinous (level 27, -26/175 HPs)
             Began as a Gargoyle Earth Elementalist on Aug 22, 2020.
             Was the Champion of Vehumet.
             Killed from afar by an orb of fire (40 damage)
             ... with a bolt of fire
             ... on level 14 of a ziggurat on Aug 23, 2020.
             The game lasted 04:03:38 (80913 turns).

Hores the Ruinous (Gargoyle Earth Elementalist)    Turns: 80913, Time: 04:03:39

Health: -26/175    AC: 44    Str: 17    XL:     27
Magic:  49/49      EV: 21    Int: 37    God:    Vehumet [******]
Gold:   8628       SH:  7    Dex: 13    Spells: 18/71 levels left

rFire    + . .     SeeInvis +   P - +10 eveningstar of Melee {speed, Fragile rElec rPois Int+2}
rCold    + . .     Faith    .   s - +2 buckler of Context {+Inv}
rNeg     + + +     Spirit   .   S - quicksilver dragon scales
rPois    ∞         Reflect  .   m - +2 hood of the Assassin {Detection Stab+ Stlth++}
rElec    +         Harm     .   v - +2 ratskin cloak {*Rats rPois rN+ Str-1 Int-1 Dex+1}
rCorr    +         Clarity  +   o - +2 pair of gloves {Str+3}
MR       +++++                  E - +2 pair of boots {run}
Stlth    +++.......             M - macabre finger necklace {rN+}
HPRegen  0.39/turn              u - ring of Sin {+Inv MR+ rCorr Int+2}
MPRegen  0.31/turn              T - ring "Yqicrobb" {rPois MR+ AC+4 Int+3}
                                D - ring of Qiavvoatt {Int+5 SInv}

@: resistant, flying, studying Polearms, quick
A: big wings, repulsion field 1, agile 1, clarity, deformed body, frail 1,
negative energy resistance 1, screaming 1, electricity resistance, unbreathing,
petrification resistance, rot immunity, AC +20
}: 4/15 runes: serpentine, barnacled, slimy, silver
a: Stop Flying, Renounce Religion, Evoke Invisibility


You were on level 14 of a ziggurat.
You worshipped Vehumet.
Vehumet was exalted by your worship.
You visited 11 branches of the dungeon, and saw 53 of its levels.
You visited the Abyss 3 times.
You visited 1 bazaar.
You visited 2 ziggurats (completing 1), and saw 41 of their levels.
You also visited: Desolation.

You collected 15751 gold pieces.
You spent 7123 gold pieces at shops.

Inventory:

Hand Weapons
 q - a +9 demon whip of electrocution
 P - the +10 eveningstar of Melee (weapon) {speed, Fragile rElec rPois Int+2}
   (You found it on level 23 of a ziggurat)

   Attacks with this weapon are significantly faster.
   It affects your intelligence (+2).
   It insulates you from electricity.
   It protects you from poison.
   It will be destroyed if unequipped.
Missiles
 h - 14 throwing nets (quivered)
Armour
 j - the +0 mask of the Dragon {MR+ Slay+3 SInv}
   (You found it on level 8 of a ziggurat)

   It affects your accuracy and damage with ranged weapons and melee attacks
   (+3).
   It affects your resistance to hostile enchantments.
   It lets you see invisible.
 m - the +2 hood of the Assassin (worn) {Detection Stab+ Stlth++}
   (You found it on level 9 of a ziggurat)

   It makes you much more stealthy.
 o - a +2 pair of gloves of strength (worn)
 s - the +2 buckler of Context (worn) {+Inv}
   (You bought it in a shop on level 14 of the Dungeon)

   It lets you turn invisible.
 v - the +2 ratskin cloak (worn) {*Rats rPois rN+ Str-1 Int-1 Dex+1}
   (You found it on level 6 of the Dungeon)

   It affects your strength (-1).
   It affects your intelligence (-1).
   It affects your dexterity (+1).
   It protects you from poison.
   It protects you from negative energy.
 E - a +2 pair of boots of running (worn)
 L - a +2 hat of see invisible
 S - quicksilver dragon scales (worn)
Jewellery
 u - the ring of Sin (left hand) {+Inv MR+ rCorr Int+2}
   (You found it on level 13 of a ziggurat)

   [ring of resist corrosion]

   It affects your intelligence (+2).
   It affects your resistance to hostile enchantments.
   It lets you turn invisible.
   It provides partial protection from all sources of acid and corrosion.
 D - the ring of Qiavvoatt (on amulet) {Int+5 SInv}
   (You found it on level 10 of a ziggurat)

   [ring of see invisible]

   It affects your intelligence (+5).
   It lets you see invisible.
 I - a +6 ring of intelligence
 M - the macabre finger necklace (around neck) {rN+}
   (You found it on level 3 of the Elven Halls)

   [amulet of nothing]

   It protects you from negative energy.
 T - the ring "Yqicrobb" (right hand) {rPois MR+ AC+4 Int+3}
   (You found it on level 3 of the Elven Halls)

   [ring of protection]

   It affects your AC (+4).
   It affects your intelligence (+3).
   It protects you from poison.
   It affects your resistance to hostile enchantments.
Wands
 z - a wand of acid (25)
 F - a wand of iceblast (63)
Scrolls
 b - 6 scrolls of amnesia
 f - 7 scrolls of enchant weapon
 g - 17 scrolls of magic mapping
 l - 33 scrolls of teleportation
 p - 30 scrolls of identify
 r - 51 scrolls of remove curse
 C - 5 scrolls of summoning
 J - 22 scrolls of fog
 K - 12 scrolls of blinking
 N - 5 scrolls of holy word
 O - 2 scrolls of enchant armour
Potions
 a - 23 potions of curing
 d - 10 potions of brilliance
 e - 3 potions of experience
 k - a potion of invisibility
 t - 7 potions of magic
 w - 20 potions of cancellation
 x - 15 potions of heal wounds
 A - 3 potions of stabbing
 B - 6 potions of might
 G - 4 potions of berserk rage
 H - 3 potions of ambrosia
 R - 7 potions of haste
 Z - 37 potions of mutation
Books
 n - a manual of Polearms
Miscellaneous
 c - a tin of tremorstones (3/3)
 y - a box of beasts (3/3)
 X - a phantom mirror
 Y - a condenser vane (2/2)


   Skills:
 + Level 25.8 Fighting
 - Level 16.0 Maces & Flails
 - Level 8.0 Armour
 - Level 15.0 Dodging
 - Level 2.1 Stealth
 - Level 4.0 Shields
 + Level 22.8 Spellcasting
 + Level 26.0 Conjurations
   Level 0.7 Transmutations
 - Level 22.0 Fire Magic
 + Level 21.4 Ice Magic
 - Level 22.0 Earth Magic
 - Level 6.0 Evocations


You had 18 spell levels left.
You knew the following spells:

 Your Spells              Type           Power        Failure   Level
a - Shatter               Erth           ########..   3%          9
b - Stone Arrow           Conj/Erth      ######       0%          3
c - Lee's Rapid Deconstr  Erth           ########..   0%          5
d - Lehudib's Crystal Sp  Conj/Erth      ########..   1%          8
e - Starburst             Conj/Fire      ########..   0%          6
f - Fireball              Conj/Fire      ########..   0%          5
g - Ignition              Fire           ########..   1%          8
h - Absolute Zero         Ice            ########..   4%          9

Your spell library contained the following spells:

 Spells                   Type           Power        Failure   Level
 Tornado                  Air            #####.....   100%        9
 Foxfire                  Conj/Fire      ####         0%          1
 Freeze                   Ice            ####         0%          1
 Magic Dart               Conj           ####         0%          1
 Sandblast                Erth           ######       0%          1
 Shock                    Conj/Air       ####         0%          1
 Passwall                 Tmut/Erth      #######.     0%          2
 Searing Ray              Conj           ######       0%          2
 Conjure Flame            Conj/Fire      ########     0%          3
 Dazzling Flash           Conj/Hex       ######       0%          3
 Frozen Ramparts          Ice            ######       0%          3
 Ozocubu's Armour         Ice            ########     0%          3
 Static Discharge         Conj/Air       #######.     0%          3
 Hailstorm                Conj/Ice       ########     0%          4
 Sticky Flame             Conj/Fire      ########     0%          4
 Bolt of Magma            Conj/Fire/Erth ########..   0%          5
 Iskenderun's Battlesphe  Conj           ########     0%          5
 Iron Shot                Conj/Erth      ########..   0%          6
 Ozocubu's Refrigeration  Ice            ########..   0%          6
 Orb of Destruction       Conj           ########..   0%          7
 Animate Skeleton         Necr           #####.       1%          1
 Apportation              Tloc           #####.       1%          1
 Beastly Appendage        Tmut           #####.       1%          1
 Corona                   Hex            #####..      1%          1
 Pain                     Necr           ####         1%          1
 Sting                    Tmut/Pois      ####         1%          1
 Summon Small Mammal      Summ           ####         1%          1
 Blink                    Tloc           N/A          1%          2
 Call Imp                 Summ           #####...     1%          2
 Corpse Rot               Necr/Air       N/A          1%          2
 Ensorcelled Hibernation  Hex/Ice        ######       1%          2
 Poisonous Vapours        Pois/Air       #####.       1%          2
 Slow                     Hex            #####...     1%          2
 Swiftness                Air            #####...     1%          2
 Wereblood                Tmut           #####...     1%          2
 Ignite Poison            Fire/Tmut/Pois #######.     1%          3
 Inner Flame              Hex/Fire       #######.     1%          3
 Mephitic Cloud           Conj/Pois/Air  #######.     1%          3
 Fulminant Prism          Conj/Hex       #######...   1%          4
 Ice Form                 Ice/Tmut       #######.     1%          4
 Iskenderun's Mystic Bla  Conj/Tloc      #######.     1%          4
 Leda's Liquefaction      Hex/Erth       #######...   1%          4
 Petrify                  Tmut/Erth      #######.     1%          4
 Summon Ice Beast         Ice/Summ       #######.     1%          4
 Borgnjor's Vile Clutch   Necr/Erth      #######...   1%          5
 Irradiate                Conj/Tmut      #######...   1%          5
 Lightning Bolt           Conj/Air       #######...   1%          5
 Metabolic Englaciation   Hex/Ice        #######...   1%          5
 Conjure Ball Lightning   Conj/Air       #######...   1%          6
 Freezing Cloud           Conj/Ice/Air   ########..   1%          6
 Simulacrum               Ice/Necr       #######...   1%          6
 Spellforged Servitor     Conj/Summ      #######...   1%          7
 Spider Form              Tmut/Pois      #####.....   2%          3
 Airstrike                Air            #####.....   2%          4
 Olgreb's Toxic Radiance  Pois           #####...     2%          4
 Call Canine Familiar     Summ           #####...     3%          3
 Confusing Touch          Hex            #####...     3%          3
 Gell's Gravitas          Tloc           #####.....   3%          3
 Lesser Beckoning         Tloc           #####.....   3%          3
 Portal Projectile        Hex/Tloc       #####.       3%          3
 Summon Guardian Golem    Hex/Summ       #####...     3%          3
 Teleport Other           Tloc           #####...     3%          3
 Tukima's Dance           Hex            #####...     3%          3
 Vampiric Draining        Necr           #####.....   3%          3
 Yara's Violent Unravell  Hex/Tmut       #####.....   7%          5
 Animate Dead             Necr           #####.....   10%         4
 Cause Fear               Hex            #####.....   10%         4
 Dispel Undead            Necr           #####...     10%         4
 Passage of Golubria      Tloc           N/A          10%         4
 Summon Lightning Spire   Summ/Air       #####...     10%         4
 Blade Hands              Tmut           #####.....   21%         5
 Alistair's Intoxication  Tmut/Pois      #####....    24%         5
 Agony                    Necr           #####...     26%         5
 Excruciating Wounds      Necr           #####.....   26%         5
 Silence                  Hex/Air        #####.....   26%         5
 Summon Demon             Summ           #####.....   26%         5
 Summon Forest            Summ/Tloc      #####.....   26%         5
 Summon Mana Viper        Hex/Summ       #####...     26%         5
 Hydra Form               Tmut           #####.....   73%         6
 Eringya's Noxious Bog    Tmut/Pois      #####.....   78%         6
 Death Channel            Necr           #####.....   83%         6
 Dispersal                Tloc           #####.....   83%         6
 Invisibility             Hex            #####...     83%         6
 Shadow Creatures         Summ           N/A          83%         6
 Dragon Form              Tmut           #####.....   99%         7
 Malign Gateway           Summ/Tloc      #####.....   100%        7
 Monstrous Menagerie      Summ           #####.....   100%        7
 Summon Greater Demon     Summ           #####.....   100%        7
 Summon Hydra             Summ           #####.....   100%        7
 Borgnjor's Revivificati  Necr           #####.....   100%        8
 Discord                  Hex            #####.....   100%        8
 Disjunction              Tloc           #####.....   100%        8
 Summon Horrible Things   Summ           #####.....   100%        8
 Dragon's Call            Summ           #####.....   100%        9
 Sublimation of Blood     Necr           Unusable     N/A         2
 Statue Form              Tmut/Erth      Unusable     N/A         6

Dungeon Overview and Level Annotations

Branches:
Dungeon (15/15)            Temple (1/1) D:7            Lair (6/6) D:10
 Shoals (4/4) Lair:4        Snake (4/4) Lair:4        Slime (5/5) Lair:5
    Orc (2/2) D:10            Elf (3/3) Orc:2        Vaults (5/5) D:13
  Crypt (3/3) Vaults:3       Tomb (0/3) Crypt:3      Depths (5/5) D:15
    Zot (0/5) Depths:5    Desolation (visited)

Altars:
Ashenzari
Elyvilon
Fedhas
Gozag
Hepliaklqana
Kikubaaqudgha
Makhleb
Nemelex Xobeh
Qazlal
Ru
Sif Muna
Trog
Vehumet
Xom
Yredelemnul
The Shining One
Beogh
Jiyva
Lugonu

Shops:
D:11 (}   D:12 *   D:14 [?*?[   Orc:1 [   Orc:2 ?}:(   Elf:1 =   Elf:2 *
Shoals:2 *   Shoals:3 *   Snake:1 =(}?   Snake:3 (   Vaults:2 *   Vaults:3 (
Vaults:4 (   Depths:3 ?

Portals:
Hell: Depths:1 Depths:2 Depths:3 Depths:4 Depths:5
Abyss: Depths:1 Depths:2 Depths:4
Pandemonium: Depths:3

Annotations:
D:9 1 runed translucent door, hemabe71's ghost, journeyman HuAr
D:11 2 transporters, drasked's ghost, novice HOMo
Snake:4 1 runed translucent door, Turtleman12345's ghost, adept GrFi
Elf:2 5 runed translucent doors
Depths:5 5 runed translucent doors


Innate Abilities, Weirdness & Mutations

You are resistant to torment.
Your stone body is resilient. (AC +20)
You are immune to poison.
Your large and strong wings let you fly indefinitely.
You resist negative energy. (rN+)
You are resistant to electric shocks. (rElec)
You can survive without breathing.
You are immune to petrification.
You are immune to rotting.
You are surrounded by a mild repulsion field. (EV +2)
You are agile. (Dex +2)
You possess an exceptional clarity of mind.
Armour fits poorly on your strangely shaped body.
You are frail. (-10% HP)
You occasionally shout uncontrollably at your foes.


Message History

The blast of flame hits the fire giant!
The fire giant resists.
The blast of flame hits the fire dragon.
The fire dragon resists.
The blast of flame misses the balrug.
The blast of flame misses you. The efreet barely misses you.
The fire crab breathes flames at you.
The blast of flame engulfs the hell hound.
The hell hound completely resists.
The efreet completely misses you. The efreet gestures at you.
The bolt of fire hits the fire giant.
The fire giant resists.
The bolt of fire hits the efreet.
The efreet completely resists.
The bolt of fire hits the balrug.
The balrug completely resists.
The bolt of fire misses you. The balrug hits you but does no damage.
Unknown command.
Are you sure you want to leave this ziggurat?
You block the hell hound's attack.
The orb of fire glows yellow.
The bolt of fire hits the fire dragon!
The fire dragon resists.
The bolt of fire hits the balrug.
The balrug completely resists.
The bolt of fire hits you!!! You resist.
You die...

▓▓▓▓▓▓▓▓▓▓▓▓▓
▓▓...........▓
▓▓.............
▓▓°○2°..........
▓▓h○°tR°.*.......
▓▓RE°h*t°E°.......
▓@2D*t*.*○E☼......
▓}hRRCRDCE.E○.§....
▓▓∩hDCRt2hD°h......
▓▓})t..CE○.....r..
▓▓.D.R○○.........
▓▓.°.°..........
▓▓.............
▓...........▓
▓▓▓▓▓▓▓▓▓▓▓▓


You could see 4 orbs of fire, 4 fire giants, 4 fire dragons, 3 balrugs, 5 fire
crabs, 7 efreet, 3 fire elementals and 5 hell hounds.

Vanquished Creatures
  Dissolution (Slime:3)
  the Royal Jelly (Slime:5)
  The ghost of kuniqs the Archmage, a legendary DECj of Vehumet (Zig:11)
  Mara (Vaults:2)
  4 ancient liches
  8 juggernauts
  A greater mummy (Zig:5)
  Saint Roka (Depths:3)
  Vashnia (Snake:3)
  A curse toe (Zig:11)
  Nikola (Vaults:3)
  Jory (Depths:4)
  9 golden dragons
  3 profane servitors
  4 pandemonium lords
  5 bone dragons
  7 Brimstone Fiends
  17 tentacled monstrosities
  10 Tzitzimimeh
  2 Ice Fiends (Zig:22)
  Rupert (D:15)
  8 electric golems (Zig:18)
  3 Hell Sentinels
  8 titans
  6 deep elf master archers
  7 liches
  5 deep elf blademasters
  4 quicksilver dragons
  4 tentacled starspawn (Abyss:2)
  30 acid blobs
  4 krakens
  An acid blob (shapeshifter) (Depths:4)
  Gastronok (Lair:1)
  The ghost of rasy the Fencer, an adept MiFi of Okawaru (Shoals:4)
  13 Executioners
  7 storm dragons
  5 ancient champions
  6 sphinxes
  A thorn hunter (Zig:24)
  13 shadow dragons
  2 daevas (Zig:6)
  Donald (Vaults:2)
  12 revenants
  7 tengu reavers
  32 nagarajas
  8 fire giants
  32 ghost moths
  10 azure jellies
  An iron dragon (Depths:2)
  Louise (D:15)
  9 balrugs
  3 imperial myrmidons (Desolation)
  A draconian scorcher (Depths:5)
  10 frost giants
  9 deep elf sorcerers
  12 vault wardens
  4 cacodemons
  11 emperor scorpions
  A caustic shrike zombie (Zig:19)
  23 orc warlords
  4 ghouls
  9 curse skulls
  12 reapers
  A draconian shifter (Depths:5)
  An angel (Zig:6)
  6 deep elf elementalists
  11 very ugly things
  A draconian annihilator (Depths:5)
  A spriggan defender (Depths:3)
  11 warmongers
  10 war gargoyles
  24 stone giants
  13 ironheart preservers
  3 green draconians (Depths:5)
  15 vampire knights
  An ophan (Zig:6)
  A juggernaut skeleton (Zig:19)
  9 blood saints
  9 corrupters
  18 entropy weavers
  12 deep elf demonologists
  A stone giant (shapeshifter) (Depths:4)
  10 black suns
  Nessos (Lair:6)
  An apis (Zig:6)
  A red draconian (Depths:5)
  7 lorocyprocas
  9 spark wasps
  3 white draconians (Depths:5)
  13 deep elf annihilators
  7 black draconians (Depths:5)
  2 yellow draconians (Depths:5)
  17 deep elf death magi
  7 blizzard demons
  15 merfolk impalers
  14 crystal guardians
  13 death oozes
  10 fire dragons
  15 merfolk javelineers
  7 eidola
  26 green deaths
  4 mummy priests
  15 ettins
  2 pearl dragon zombies (Depths:1)
  8 jiangshi
  22 great orbs of eyes
  19 yaktaur captains
  9 deep elf high priests
  7 ragged hierophants (Desolation)
  11 ice dragons
  A fire dragon (shapeshifter) (Vaults:5)
  11 servants of whispers (Desolation)
  29 vault guards
  23 naga warriors
  6 rakshasas
  11 anacondas
  5 peacekeepers (Desolation)
  22 hydras
  10 hell beasts
  8 centaur warriors
  8 spriggan air magi
  10 alligators
  9 shambling mangroves
  5 alligator snapping turtles
  48 dancing weapons
  20 ogre magi
  50 two-headed ogres
  2 ghost crabs (Zig:17)
  7 merfolk avatars
  5 merfolk aquamancers
  2 tengu warriors
  6 death knights
  3 death scarabs
  7 deep troll shamans
  3 hell hogs (Depths:1)
  4 satyrs
  5 death yaks (D:10)
  26 shock serpents
  20 large abominations
  12 thrashing horrors
  A satyr (shapeshifter) (Elf:3)
  9 vampire magi
  5 titan zombies
  10 hell knights
  38 naga sharpshooters
  24 orc high priests
  5 deep troll earth magi
  A queen ant (D:13)
  6 spriggan berserkers
  2 storm dragon zombies (Zig:19)
  2 sun demons (Zig:25)
  23 deep elf knights
  A fire crab (shapeshifter) (Vaults:1)
  A soul eater (Zig:11)
  3 sixfirhies
  4 wretched stars (Abyss:2)
  15 iron trolls
  8 shadow wraiths
  2 gelid demonspawn
  8 salamander mystics
  2 golden dragon zombies (Zig:19)
  2 cherubim (Zig:6)
  39 skeletal warriors
  18 deep trolls
  9 death drakes
  A ghost moth zombie (Crypt:3)
  4 spriggan druids
  3 wizards
  6 flayed ghosts
  10 glowing orange brains
  15 sea snakes
  A shadow demon (Zig:25)
  4 storm dragon skeletons
  16 swamp dragons
  2 unseen horrors
  9 orange crystal statues
  A shadow dragon zombie (Zig:19)
  25 ironbrand convokers
  14 naga ritualists
  18 harpies
  A tengu zombie (Zig:19)
  A frost giant zombie (Zig:4)
  9 obsidian statues
  A mana viper (shapeshifter) (Vaults:5)
  3 swamp dragons (shapeshifter)
  28 deep elf archers
  10 mana vipers
  6 phantasmal warriors
  A stone giant zombie (Zig:1)
  20 wolf spiders
  2 orb spiders (shapeshifter) (Depths:1)
  12 orb spiders
  24 orc knights
  46 ugly things
  A fire giant zombie (Vaults:3)
  12 necromancers
  An iron dragon zombie (Zig:4)
  13 manticores
  22 orc sorcerers
  An iron dragon skeleton (Zig:19)
  66 deep elf magi
  20 oklob plants (Zig:20)
  A shadow dragon skeleton (Crypt:2)
  16 moths of wrath
  2 worldbinders (Abyss:2)
  12 fauns
  2 moths of wrath (shapeshifter) (Depths:4)
  An elephant (shapeshifter) (Zig:13)
  14 salamanders
  9 shining eyes
  2 centaur zombies
  A stone giant skeleton (Vaults:3)
  Joseph (D:8)
  16 cyclopes
  3 ice statues
  9 merfolk sirens
  2 fire giant skeletons
  4 apis skeletons (Depths:1)
  7 water nymphs
  37 naga magi
  A frost giant skeleton (Vaults:4)
  A guardian serpent (shapeshifter) (Vaults:1)
  15 vault sentinels
  7 torpor snails
  3 apocalypse crabs
  16 guardian serpents
  4 orange demons
  68 black mambas
  Psyche (D:9)
  2 rust devils
  A dire elephant zombie (Crypt:3)
  20 cane toads
  3 molten gargoyles
  8 smoke demons
  7 gargoyles
  4 eyes of devastation
  A cane toad (shapeshifter) (Depths:3)
  Maggie (D:8)
  10 hellions
  4 yaktaurs (shapeshifter)
  A rime drake (Lair:3)
  A kobold demonologist (D:15)
  A spriggan skeleton (Zig:19)
  33 yaktaurs
  A hydra zombie (Crypt:1)
  5 ancient zymes (Abyss:2)
  6 efreet
  A tengu conjurer (D:13)
  15 tormentors
  An anaconda simulacrum (Abyss:2)
  A red draconian skeleton (Crypt:2)
  7 freezing wraiths
  3 hellwings
  A human skeleton (Vaults:4)
  8 komodo dragons
  2 ice devils
  15 demonic crawlers
  4 guardian mummies
  8 red devils
  15 trolls
  A golden dragon simulacrum (Crypt:2)
  9 wind drakes
  19 jumping spiders
  A hornet (shapeshifter) (Elf:1)
  7 polar bears
  A meliai (shapeshifter) (Depths:4)
  41 merfolk
  A fire dragon zombie (Abyss:2)
  14 tyrant leeches
  11 blink frogs
  A merfolk (shapeshifter) (Depths:4)
  17 snapping turtles
  37 hornets
  53 saltlings (Desolation)
  4 dream sheep (shapeshifter)
  11 dream sheep
  A slime creature (shapeshifter) (Depths:4)
  A hydra skeleton (Crypt:2)
  An ice dragon zombie (Crypt:3)
  16 raiju
  A blink frog (shapeshifter) (Vaults:5)
  A frost giant simulacrum (Vaults:3)
  109 slime creatures
  Grinder (D:5)
  9 hippogriffs
  2 spriggan zombies
  7 bog bodies
  40 flying skulls
  6 shadows
  19 redbacks
  2 spriggans (shapeshifter)
  11 air elementals
  16 tarantellas
  An orc simulacrum (Vaults:2)
  46 yaks
  6 vampires
  3 ynoxinuls
  An ice dragon skeleton (Crypt:2)
  13 water elementals
  3 ushabtiu
  6 fire bats
  22 spriggans
  5 wyverns
  8 wraiths
  2 tarantellas (shapeshifter)
  15 fire elementals
  A human (D:13)
  2 neqoxecs (Abyss:2)
  8 golden eyes
  2 basilisks
  3 chaos spawn
  Menkaure (D:5)
  12 vampire mosquitoes
  7 insubstantial wisps
  43 nagas
  24 soldier ants (D:13)
  2 two-headed ogre zombies
  A deep troll zombie (Vaults:3)
  4 acid dragons
  A water nymph skeleton (Crypt:1)
  17 wargs
  4 floating eyes
  A hell hound (Zig:19)
  6 porcupines
  11 water moccasins
  3 ice beasts
  An ettin simulacrum (Vaults:3)
  2 hornet zombies
  76 orc warriors
  8 swamp drakes
  3 black bears
  A black bear (shapeshifter) (Zig:15)
  An ice beast (shapeshifter) (Depths:2)
  4 sky beasts
  A sky beast (shapeshifter) (Depths:2)
  11 necrophages
  14 eyes of draining
  A phantom (D:10)
  18 boggarts
  14 small abominations
  19 wolves
  22 centaurs
  53 ogres
  A blink frog skeleton (Crypt:2)
  3 elf skeletons
  9 crocodiles
  A lindwurm skeleton (Crypt:2)
  A rime drake zombie (Crypt:2)
  A draconian zombie (Crypt:2)
  3 human zombies
  12 bullfrogs
  2 big kobolds
  3 elf zombies
  A cyclops zombie (Crypt:2)
  A wyvern zombie (D:14)
  The ghost of MrRokkomies the Vexing, an amateur FeEn of Gozag (D:4)
  A glowing shapeshifter simulacrum (Vaults:3)
  23 earth elementals
  5 wyvern skeletons
  A cyclops skeleton (Crypt:2)
  3 human simulacra
  3 scorpions
  9 killer bees
  A yak zombie (Crypt:1)
  An electric eel (Lair:2)
  10 wights
  3 howler monkeys
  2 lava snakes (Lair:2)
  4 crimson imps (Zig:17)
  A quasit (Abyss:2)
  7 centaur skeletons
  5 jellies
  A wolf skeleton (Crypt:1)
  3 bullfrog skeletons
  2 gnoll shamans
  5 hounds
  38 orc priests
  38 orc wizards
  3 iguanas
  3 iron imps
  A demonspawn skeleton (Crypt:2)
  Ijyb (D:5)
  28 worker ants
  2 lightning spires (Zig:21)
  5 hell rats
  A porcupine skeleton (Crypt:1)
  A killer bee zombie (D:7)
  7 ogre zombies (D:10)
  2 hound skeletons
  10 mummies
  A worker ant zombie (D:11)
  2 howler monkey skeletons
  9 gnolls
  15 adders
  8 river rats
  2 shadow imps
  5 white imps
  2 ufetubi (D:7)
  An adder zombie (D:7)
  An iguana zombie (Crypt:1)
  15 ball lightnings (Depths:4)
  4 dart slugs
  3 worms
  9 leopard geckos
  154 orcs
  3 giant cockroaches
  14 goblins
  6 hobgoblins
  4 jackals
  22 kobolds
  5 quokkas
  2 ball pythons (D:2)
  8 bats
  6 frilled lizards
  2 goblin skeletons (D:10)
  4 goblin zombies (D:10)
  A hobgoblin zombie (D:10)
  A leopard gecko skeleton (D:4)
  6 orc skeletons (D:10)
  12 orc zombies (D:10)
  A quokka zombie (D:7)
  25 rats
  4 blocks of ice
  9 crawling corpses (Elf:3)
  A lurking horror (Abyss:2)
  4 starspawn tentacles (Abyss:2)
  15 tentacles
3993 creatures vanquished.

Vanquished Creatures (collateral kills)
  An imperial myrmidon (Desolation)
  A peacekeeper (Desolation)
  A naga sharpshooter (Snake:4)
  A black mamba (Snake:1)
  A centaur zombie (D:14)
  A cane toad (Lair:6)
  A demonic crawler (D:14)
  A saltling (Desolation)
  A polar bear (Lair:5)
  A slime creature (Slime:3)
  A meliai zombie (D:12)
  A centaur (D:10)
  A wyvern zombie (D:13)
  An orc priest (Orc:2)
  An orc wizard (D:9)
  4 orcs
19 creatures vanquished.

Vanquished Creatures (others)
  A tentacled monstrosity (Zig:24)
  A fire dragon (Vaults:1)
  A naga warrior (Snake:4)
  A glowing orange brain (Depths:3)
  2 ugly things
  2 black mambas
  A hornet (Zig:23)
  2 saltlings (Desolation)
  An air elemental (Depths:4)
  A vampire mosquito (Zig:11)
  An eye of draining (Abyss:2)
  An earth elemental (Elf:2)
  An orc (Orc:2)
  5 blocks of ice
  21 fungi
  55 plants
  10 starspawn tentacles (Abyss:2)
  4 tentacles (Shoals:4)
  2 withered plants (Snake:4)
113 creatures vanquished.

Grand Total: 4125 creatures vanquished

Notes
Turn   | Place    | Note
-------+----------+-------------------------------------------
     0 | D:1      | Hores the Gargoyle Earth Elementalist began the quest for
                  | the Orb.
     0 | D:1      | Reached XP level 1. HP: 10/10 MP: 3/3
   352 | D:1      | Reached XP level 2. HP: 15/15 MP: 1/5
  1149 | D:1      | Reached XP level 3. HP: 17/19 MP: 6/6
  1154 | D:1      | Learned a level 3 spell: Stone Arrow
  1603 | D:2      | Found a faded altar of an unknown god.
  1698 | D:2      | Reached skill level 1 in Conjurations
  1729 | D:2      | Found a stormy altar of Qazlal.
  1904 | D:2      | Reached XP level 4. HP: 24/24 MP: 8/8
  2177 | D:2      | Found a shimmering blue altar of Sif Muna.
  2605 | D:3      | Gained mutation: You tend to lose your temper in combat.
                  | [potion of mutation]
  2605 | D:3      | Gained mutation: You are clumsy. (Dex -2) [potion of
                  | mutation]
  2605 | D:3      | Gained mutation: You have large cloven feet. [potion of
                  | mutation]
  2605 | D:3      | Gained mutation: Your spells are a little harder to cast,
                  | but a little more powerful. [potion of mutation]
  2606 | D:3      | Lost mutation: You are clumsy. (Dex -2) [potion of
                  | mutation]
  2606 | D:3      | Lost mutation: Your spells are a little harder to cast, but
                  | a little more powerful. [potion of mutation]
  2606 | D:3      | Lost mutation: You have large cloven feet. [potion of
                  | mutation]
  2606 | D:3      | Lost mutation: You tend to lose your temper in combat.
                  | [potion of mutation]
  2606 | D:3      | Gained mutation: You have sharp toenails. [potion of
                  | mutation]
  2606 | D:3      | Gained mutation: You are surrounded by a mild repulsion
                  | field. (EV +2) [potion of mutation]
  2607 | D:3      | Lost mutation: You have sharp toenails. [potion of
                  | mutation]
  2607 | D:3      | Gained mutation: You are agile. (Dex +2) [potion of
                  | mutation]
  2607 | D:3      | Gained mutation: You possess an exceptional clarity of
                  | mind. [potion of mutation]
  2607 | D:3      | Gained mutation: Your muscles are strong. (Str +2) [potion
                  | of mutation]
  2694 | D:3      | Reached skill level 2 in Conjurations
  2694 | D:3      | Reached skill level 5 in Earth Magic
  2694 | D:3      | Reached XP level 5. HP: 28/28 MP: 2/9
  2840 | D:3      | Noticed an ogre
  2844 | D:3      | Killed an ogre
  2948 | D:3      | Reached skill level 3 in Conjurations
  2948 | D:3      | Reached XP level 6. HP: 26/32 MP: 6/11
  2961 | D:3      | Learned a level 5 spell: Lee's Rapid Deconstruction
  3102 | D:3      | Found a sparkling altar of Nemelex Xobeh.
  3926 | D:4      | Found a runed translucent gate.
  3926 | D:4      | Found a runed translucent gate.
  3926 | D:4      | Found a runed translucent gate.
  3926 | D:4      | Identified the +4 whip "Embalmer" {elec, Int+7}
  3926 | D:4      | Noticed MrRokkomies's ghost (amateur FeEn)
  3981 | D:4      | Reached skill level 4 in Conjurations
  3981 | D:4      | Reached XP level 7. HP: 24/36 MP: 8/13
  3983 | D:4      | Killed MrRokkomies's ghost
  4453 | D:4      | Reached skill level 1 in Armour
  4457 | D:4      | Reached skill level 1 in Fighting
  4722 | D:4      | Reached skill level 1 in Maces & Flails
  4806 | D:4      | Reached XP level 8. HP: 43/43 MP: 15/15
  5124 | D:4      | Found a blossoming altar of Fedhas.
  5268 | D:5      | Entered Level 5 of the Dungeon
  5610 | D:5      | Noticed Menkaure
  5633 | D:5      | Killed Menkaure
  5633 | D:5      | Reached skill level 5 in Spellcasting
  5906 | D:5      | Noticed Grinder
  5914 | D:5      | Killed Grinder
  5914 | D:5      | Reached skill level 5 in Conjurations
  5990 | D:5      | Noticed Ijyb
  5994 | D:5      | Paralysed by Ijyb for 5 turns
  6000 | D:5      | Killed Ijyb
  6003 | D:5      | Found a shimmering altar of Xom.
  6008 | D:5      | Found a glowing golden altar of the Shining One.
  6011 | D:5      | Found a basalt altar of Yredelemnul.
  6029 | D:5      | Found a bloodstained altar of Trog.
  6366 | D:5      | Reached XP level 9. HP: 28/50 MP: 17/17
  6800 | D:6      | Found the +2 ratskin cloak {*Rats rPois rN+ Str-1 Int-1
                  | Dex+1}
  7343 | D:6      | Found a glowing drain.
  7984 | D:7      | Found a staircase to the Ecumenical Temple.
  8092 | Temple   | Entered the Ecumenical Temple
  8119 | Temple   | Became a worshipper of Vehumet
  8653 | D:8      | Reached skill level 6 in Conjurations
  8671 | D:8      | Reached XP level 10. HP: 26/58 MP: 3/19
  9015 | D:8      | Identified a scroll of acquirement
  9015 | D:8      | Acquired 1280 gold pieces
  9038 | D:8      | Reached * piety under Vehumet
  9038 | D:8      | Offered knowledge of Freeze by Vehumet.
  9134 | D:8      | Noticed Maggie
  9141 | D:8      | Killed Maggie
  9141 | D:8      | Reached skill level 5 in Armour
  9340 | D:8      | Noticed Joseph
  9352 | D:8      | Killed Joseph
  9352 | D:8      | Reached skill level 5 in Fighting
  9941 | D:9      | Noticed Psyche
  9950 | D:9      | Killed Psyche
  9998 | D:9      | Found a runed translucent door.
  9999 | D:9      | Found a shimmering altar of Xom.
  9999 | D:9      | Noticed hemabe71's ghost (journeyman HuAr)
 10000 | D:9      | Noticed a +2 flail of chaos
 10037 | D:9      | Offered knowledge of Foxfire by Vehumet.
 10037 | D:9      | Reached ** piety under Vehumet
 10236 | D:9      | Noticed a brown ugly thing
 10244 | D:9      | Killed a brown ugly thing
 10244 | D:9      | Reached skill level 5 in Maces & Flails
 10244 | D:9      | Reached skill level 7 in Conjurations
 10858 | D:10     | Entered Level 10 of the Dungeon
 10861 | D:10     | Found a staircase to the Orcish Mines.
 11028 | D:10     | Offered knowledge of Ignite Poison by Vehumet.
 11045 | D:10     | Reached XP level 11. HP: 51/64 MP: 16/21
 11048 | D:10     | Reached *** piety under Vehumet
 11199 | D:10     | Offered knowledge of Iskenderun's Mystic Blast by Vehumet.
 11354 | D:10     | Noticed a death yak
 11355 | D:10     | Noticed a death yak
 11356 | D:10     | Noticed a death yak
 11361 | D:10     | Noticed a death yak
 11374 | D:10     | Killed a death yak
 11374 | D:10     | Reached skill level 5 in Dodging
 11374 | D:10     | Noticed a death yak
 11377 | D:10     | Killed a death yak
 11377 | D:10     | Reached skill level 1 in Evocations
 11383 | D:10     | Killed a death yak
 11385 | D:10     | Killed a death yak
 11387 | D:10     | Reached **** piety under Vehumet
 11387 | D:10     | Killed a death yak
 11387 | D:10     | Reached skill level 8 in Conjurations
 11387 | D:10     | Reached skill level 10 in Earth Magic
 11677 | D:10     | Found a staircase to the Lair.
 11683 | D:10     | Noticed a two-headed ogre
 11687 | D:10     | Killed a two-headed ogre
 11747 | D:10     | Offered knowledge of Bolt of Magma by Vehumet.
 11754 | D:10     | Learned a level 5 spell: Bolt of Magma
 11976 | D:10     | Found a shattered altar of Ashenzari.
 12461 | D:11     | Noticed a cyan ugly thing
 12476 | D:11     | Killed a cyan ugly thing
 12476 | D:11     | Reached skill level 1 in Fire Magic
 12554 | D:11     | Found a stormy altar of Qazlal.
 12575 | D:11     | Found Leskusic's Gadget Boutique.
 12751 | D:11     | Noticed a two-headed ogre
 12756 | D:11     | Killed a two-headed ogre
 12756 | D:11     | Reached XP level 12. HP: 72/72 MP: 19/23
 12906 | D:11     | Found Ducuagus's Weapon Boutique.
 13019 | D:11     | Noticed a two-headed ogre
 13022 | D:11     | Found a transporter.
 13030 | D:11     | Found a bloodstained altar of Trog.
 13037 | D:11     | Found a transporter.
 13037 | D:11     | Noticed drasked's ghost (novice HOMo)
 13259 | D:12     | Noticed a six-headed hydra
 13263 | D:12     | Killed a six-headed hydra
 13543 | D:12     | Found Piezoeh's Hallowed Reliquary.
 13547 | D:12     | Found a white marble altar of Elyvilon.
 13548 | D:12     | Noticed an angel
 13551 | D:12     | Bought 2 potions of heal wounds for 170 gold pieces
 13551 | D:12     | Bought a potion of heal wounds for 85 gold pieces
 13551 | D:12     | Bought 2 potions of heal wounds for 170 gold pieces
 13551 | D:12     | Bought a potion of heal wounds for 85 gold pieces
 13551 | D:12     | Bought a scroll of holy word for 127 gold pieces
 13551 | D:12     | Bought a scroll of holy word for 127 gold pieces
 14291 | D:12     | Reached ***** piety under Vehumet
 14291 | D:12     | Offered knowledge of Iron Shot by Vehumet.
 14299 | D:12     | Learned a level 6 spell: Iron Shot
 14343 | D:12     | Noticed a two-headed ogre
 14348 | D:12     | Killed a two-headed ogre
 14642 | D:13     | Noticed an entropy weaver
 14645 | D:13     | Noticed an entropy weaver
 14647 | D:13     | Noticed a queen ant
 14664 | D:13     | Killed an entropy weaver
 14664 | D:13     | Killed a queen ant
 14664 | D:13     | Reached skill level 9 in Conjurations
 14665 | D:13     | Noticed a centaur warrior
 14683 | D:13     | Killed a centaur warrior
 14688 | D:13     | Reached skill level 5 in Fire Magic
 14715 | D:13     | Reached XP level 13. HP: 57/78 MP: 17/25
 14983 | D:13     | Noticed a vault guard
 14986 | D:13     | Killed a vault guard
 15086 | D:13     | Killed an entropy weaver
 15592 | D:13     | Noticed a vault guard
 15681 | D:13     | Noticed a vault guard
 15714 | D:13     | Killed a vault guard
 15721 | D:13     | Killed a vault guard
 15956 | D:13     | Noticed a vault guard
 15980 | D:13     | Noticed a vault guard
 15986 | D:13     | Killed a vault guard
 15996 | D:13     | Killed a vault guard
 16060 | D:13     | Found a gate to the Vaults.
 16770 | D:14     | Found Xyuz's Antique Armour Boutique.
 16773 | D:14     | Reached skill level 5 in Evocations
 16814 | D:13     | HP: 3/79 [tengu warrior/+0 great sword (14)]
 17618 | D:14     | Gained mutation: Your large and strong wings let you fly
                  | indefinitely. [Gargoyle growth]
 17618 | D:14     | Reached XP level 14. HP: 86/86 MP: 26/26
 17664 | D:14     | Found Ydaq's Magic Scroll Emporium.
 17745 | D:14     | Found Apuhafom's Magic Scroll Boutique.
 17763 | D:14     | Bought a scroll of identify for 38 gold pieces
 17763 | D:14     | Bought a scroll of teleportation for 57 gold pieces
 17763 | D:14     | Bought a scroll of identify for 38 gold pieces
 17763 | D:14     | Bought a scroll of immolation for 66 gold pieces
 17763 | D:14     | Bought a scroll of identify for 38 gold pieces
 17763 | D:14     | Bought a scroll of holy word for 142 gold pieces
 17781 | D:14     | Found Usalaab's Armour Boutique.
 17789 | D:14     | Bought the +2 buckler of Context {+Inv} for 370 gold pieces
 17795 | D:14     | Found Puujosirr's Assorted Antiques.
 17812 | D:14     | Found a sacrificial altar of Ru.
 17899 | D:14     | Paralysed by a floating eye for 3 turns
 17907 | D:14     | Reached skill level 10 in Conjurations
 18252 | D:14     | Reached skill level 1 in Shields
 18311 | D:14     | Identified Hustreciwn's Grimoire of Flying Battle Magic
 18993 | Lair:1   | Entered Level 1 of the Lair of Beasts
 19075 | Lair:1   | Learned a level 5 spell: Fireball
 19082 | Lair:1   | Learned a level 6 spell: Starburst
 19153 | Lair:1   | Offered knowledge of Spellforged Servitor by Vehumet.
 19423 | Lair:1   | Noticed Gastronok
 19430 | Lair:1   | Killed Gastronok
 21628 | Lair:3   | You are sucked into a shaft and drop 1 floor!
 22990 | Lair:4   | Found a staircase to the Snake Pit.
 23112 | Lair:4   | Found a staircase to the Shoals.
 23671 | Lair:5   | Reached XP level 15. HP: 92/92 MP: 28/28
 23882 | Lair:5   | Found a runed translucent door.
 23882 | Lair:5   | Found a viscous altar of Jiyva.
 23882 | Lair:5   | Found a staircase to the Slime Pits.
 23882 | Lair:5   | Noticed an acid blob
 23889 | Lair:5   | Killed an acid blob
 24241 | Lair:6   | Entered Level 6 of the Lair of Beasts
 24302 | Lair:6   | Offered knowledge of Lightning Bolt by Vehumet.
 24303 | Lair:6   | Reached skill level 10 in Fighting
 24790 | Lair:6   | Reached ****** piety under Vehumet
 25249 | Lair:6   | Noticed Nessos
 25266 | Lair:6   | Killed Nessos
 25267 | Lair:6   | Reached skill level 11 in Conjurations
 26310 | Orc:1    | Entered Level 1 of the Orcish Mines
 26398 | Orc:1    | Offered knowledge of Irradiate by Vehumet.
 26704 | Orc:1    | Found Ossychao's Antique Armour Emporium.
 26707 | Orc:1    | Bought a pair of crude gloves for 266 gold pieces
 26707 | Orc:1    | Identified the +2 pair of gloves of Rokheilo {rPois rF+
                  | Int-3} (You bought it in a shop on level 1 of the Orcish
                  | Mines)
 26836 | Orc:2    | Entered Level 2 of the Orcish Mines
 26879 | Orc:2    | Reached skill level 10 in Spellcasting
 27165 | Orc:2    | Reached skill level 10 in Fire Magic
 27689 | Orc:2    | Offered knowledge of Iskenderun's Battlesphere by Vehumet.
 27765 | Orc:2    | Noticed an orc warlord
 27783 | Orc:2    | Killed an orc warlord
 27813 | Orc:2    | Found a roughly hewn altar of Beogh.
 27845 | Orc:2    | Found Toffekig's Magic Scroll Shop.
 27868 | Orc:2    | Bought a scroll of identify for 30 gold pieces
 27868 | Orc:2    | Bought a scroll of identify for 30 gold pieces
 27868 | Orc:2    | Bought a scroll of identify for 30 gold pieces
 27868 | Orc:2    | Bought a scroll of identify for 30 gold pieces
 27868 | Orc:2    | Bought a scroll of identify for 30 gold pieces
 27868 | Orc:2    | Bought a scroll of identify for 30 gold pieces
 27999 | Orc:2    | Found Ottush's Gadget Boutique.
 28018 | Orc:2    | Bought a condenser vane (2/2) for 320 gold pieces
 28579 | Orc:2    | Found a staircase to the Elven Halls.
 28649 | Orc:2    | Reached XP level 16. HP: 79/98 MP: 22/30
 29009 | Orc:2    | Found a roughly hewn altar of Beogh.
 29136 | Orc:2    | Found Xaustry's Weapon Boutique.
 29162 | Orc:2    | Found Enkerr's Book Shop.
 29387 | D:15     | Entered Level 15 of the Dungeon
 29630 | D:15     | Found a staircase to the Depths.
 29740 | D:15     | Offered knowledge of Ozocubu's Refrigeration by Vehumet.
 29767 | D:15     | Noticed Louise
 29793 | D:15     | Cast into level 2 of the Abyss (Louise)
 30165 | Abyss:2  | Noticed a tentacled monstrosity
 30488 | Abyss:2  | Noticed a tentacled starspawn
 30502 | Abyss:2  | Killed a tentacled starspawn
 30502 | Abyss:2  | Reached skill level 10 in Maces & Flails
 30535 | Abyss:2  | Noticed a tentacled starspawn
 30725 | Abyss:2  | Noticed a tentacled starspawn
 30736 | Abyss:2  | Killed a tentacled starspawn
 30760 | D:15     | Escaped the Abyss
 30775 | D:15     | Killed Louise
 30935 | D:15     | Noticed Rupert
 30971 | D:15     | Killed Rupert
 31689 | D:15     | Upgraded the game from 0.26-a0-576-gcfaa98f945 to
                  | 0.26-a0-579-g3afe4966bf
 32006 | Snake:1  | Entered Level 1 of the Snake Pit
 32079 | Snake:1  | Found Ekora's Gadget Boutique.
 32080 | Snake:1  | Found Fapoda Sugao's Magic Scroll Boutique.
 32080 | Snake:1  | Found Oskidai's Jewellery Shop.
 32085 | Snake:1  | Found Juusouh's Weapon Shop.
 32108 | Snake:1  | Reached XP level 17. HP: 88/104 MP: 31/31
 32131 | Snake:1  | Bought 2 scrolls of magic mapping for 126 gold pieces
 32131 | Snake:1  | Bought a scroll of teleportation for 54 gold pieces
 32131 | Snake:1  | Bought a scroll of holy word for 135 gold pieces
 32131 | Snake:1  | Bought a scroll of identify for 36 gold pieces
 32131 | Snake:1  | Bought a scroll of teleportation for 54 gold pieces
 32131 | Snake:1  | Bought a scroll of teleportation for 54 gold pieces
 32131 | Snake:1  | Bought a scroll of holy word for 135 gold pieces
 32278 | Snake:1  | Offered knowledge of Chain Lightning by Vehumet.
 32311 | Snake:1  | You are sucked into a shaft and drop 1 floor!
 32328 | Snake:2  | Reached XP level 18. HP: 110/110 MP: 32/32
 32341 | Snake:2  | Learned a level 8 spell: Ignition
 32358 | Snake:2  | Reached skill level 12 in Conjurations
 35233 | Snake:3  | Noticed Vashnia
 35247 | Snake:3  | Killed Vashnia
 35682 | Snake:3  | Found Eloall's Antique Weapon Emporium.
 35984 | Snake:3  | Found a transporter.
 36183 | Snake:3  | Found a transporter.
 36352 | Snake:3  | Got an ancient iron amulet
 36355 | Snake:3  | Identified the amulet of Hetile {Reflect rElec rPois rF++
                  | Str-3 SH+5} (You found it on level 3 of the Snake Pit)
 36369 | Snake:3  | Got a vibrating amber ring
 36370 | Snake:3  | Identified the ring of Psychosis {rN+++ Str+6 Dex+3 Slay-5
                  | Stlth-} (You found it on level 3 of the Snake Pit)
 36392 | Snake:4  | Entered Level 4 of the Snake Pit
 36558 | Snake:4  | Identified the cursed +0 robe of Voudyfar {rN++ Str-5} (You
                  | found it on level 4 of the Snake Pit)
 36701 | Snake:4  | Acquired 1830 gold pieces
 36741 | Snake:4  | Found a runed translucent door.
 36742 | Snake:4  | Noticed Turtleman12345's ghost (adept GrFi)
 36827 | Snake:4  | Offered knowledge of Lehudib's Crystal Spear by Vehumet.
 36827 | Snake:4  | Offered knowledge of Tornado by Vehumet.
 36827 | Snake:4  | Offered knowledge of Absolute Zero by Vehumet.
 36832 | Snake:4  | Reached XP level 19. HP: 99/116 MP: 34/34
 36937 | Snake:4  | Reached skill level 10 in Dodging
 37194 | Snake:4  | Got a serpentine rune of Zot
 37607 | Snake:4  | Acquired 1320 gold pieces
 37734 | Shoals:1 | Entered Level 1 of the Shoals
 37740 | Shoals:1 | Reached skill level 13 in Conjurations
 39697 | Shoals:2 | Found Feughel's Fabulous Fripperies.
 40139 | Shoals:3 | Found Vong's General Store.
 40166 | Shoals:3 | Bought a scroll of blinking for 97 gold pieces
 40166 | Shoals:3 | Bought a potion of heal wounds for 65 gold pieces
 40837 | Shoals:3 | Reached skill level 15 in Earth Magic
 41041 | Shoals:3 | Found an opulent altar of Gozag.
 41098 | Shoals:4 | Entered Level 4 of the Shoals
 41099 | Shoals:4 | Reached XP level 20. HP: 124/124 MP: 33/35
 41105 | Shoals:4 | Reached skill level 15 in Fire Magic
 41112 | Shoals:4 | Identified the Papyrus of the Postmodern Servitors
 41157 | Shoals:4 | Identified the +6 whip "Vuti" {freeze, rC+}
 41591 | Shoals:4 | Identified Witchcraft, Part Three
 41850 | Shoals:4 | Identified the +12 mace "Gargoyle's Foe" {drain, *Slow +Inv
                  | rN+} (You found it on level 4 of the Shoals)
 42214 | Shoals:4 | Got a barnacled rune of Zot
 42256 | Shoals:4 | Found a runed translucent gate.
 42256 | Shoals:4 | Found a runed translucent gate.
 42256 | Shoals:4 | Found a runed translucent gate.
 42259 | Shoals:4 | Noticed rasy's ghost (adept MiFi)
 42835 | Shoals:4 | Killed rasy's ghost
 43003 | Shoals:4 | Got a scorched silver ring
 43025 | Shoals:4 | Identified the ring "Qajotzu" {rPois rN+} (You found it on
                  | level 4 of the Shoals)
 43284 | Elf:1    | Entered Level 1 of the Elven Halls
 43357 | Elf:1    | Found Suystafe's Jewellery Boutique.
 43357 | Elf:1    | You are sucked into a shaft and drop 1 floor!
 43357 | Elf:2    | Found a huge runed translucent gate.
 43357 | Elf:2    | Found a huge runed translucent gate.
 43357 | Elf:2    | Found a huge runed translucent gate.
 43357 | Elf:2    | Found a huge runed translucent gate.
 43357 | Elf:2    | Found a huge runed translucent gate.
 43975 | Elf:2    | Found Madei's Assorted Antiques.
 43987 | Elf:2    | Bought a scroll of blinking for 150 gold pieces
 43987 | Elf:2    | Bought a scroll of identify for 40 gold pieces
 44404 | Elf:1    | Bought the amulet "Woapiakukk" {MR+ Regen+} for 809 gold
                  | pieces
 44445 | Elf:1    | Reached skill level 14 in Conjurations
 44885 | Elf:1    | Reached XP level 21. HP: 130/130 MP: 16/37
 45133 | Elf:1    | Identified the Almanac of Evil
 45378 | Elf:3    | Entered Level 3 of the Elven Halls
 46587 | Elf:3    | Got an ancient granite ring
 46588 | Elf:3    | Identified the ring "Yqicrobb" {rPois MR+ AC+4 Int+3} (You
                  | found it on level 3 of the Elven Halls)
 46650 | Elf:3    | Found the +1 cloak of Starlight {rElec rC+ EV+4 Stlth--}
 46665 | Elf:3    | Identified the Compendium of the Harmful Traveller
 46701 | Elf:3    | Found the macabre finger necklace {rN+}
 46707 | Elf:3    | Identified the ring "Xaasesoera" {*Tele rF+ rN+ MP+9 Int+3}
                  | (You found it on level 3 of the Elven Halls)
 46730 | Elf:3    | Identified Hevvin's Guide on the Escort and Evil Rituals
 46733 | Elf:3    | Identified the cursed +1 morningstar "Goblinslayer"
                  | {protect, Str+2} (You found it on level 3 of the Elven
                  | Halls)
 46802 | Elf:3    | Got an ancient whip
 46803 | Elf:3    | Identified the cursed +2 whip of Resourcefulness {vorpal,
                  | Str+4} (You found it on level 3 of the Elven Halls)
 47197 | Vaults:1 | Entered Level 1 of the Vaults
 47433 | Vaults:1 | Found a gateway to a bazaar.
 47465 | Bazaar   | Entered a bazaar
 47618 | Bazaar   | Found Eluam's Gadget Shop.
 47646 | Bazaar   | Found Laper's Magic Scroll Boutique.
 47646 | Bazaar   | Found Unilejio's Armour Shop.
 47671 | Bazaar   | Found Exkiphoe's Distillery.
 47676 | Bazaar   | Bought a potion of magic for 80 gold pieces
 47676 | Bazaar   | Bought a potion of invisibility for 80 gold pieces
 47676 | Bazaar   | Bought 2 potions of haste for 200 gold pieces
 47676 | Bazaar   | Bought a potion of curing for 30 gold pieces
 47676 | Bazaar   | Bought a potion of resistance for 100 gold pieces
 47676 | Bazaar   | Bought a potion of heal wounds for 50 gold pieces
 47676 | Bazaar   | Bought a potion of heal wounds for 50 gold pieces
 47709 | Bazaar   | Bought a scroll of identify for 32 gold pieces
 47709 | Bazaar   | Bought a scroll of identify for 32 gold pieces
 47709 | Bazaar   | Bought a scroll of identify for 32 gold pieces
 47709 | Bazaar   | Bought a scroll of identify for 32 gold pieces
 47709 | Bazaar   | Bought a scroll of magic mapping for 56 gold pieces
 47743 | Vaults:1 | Found a ruined gateway.
 47752 | Desolati | Entered the Desolation of Salt
 47819 | Desolati | Identified the ring of Life {Str+3 Int+2 Stlth-}
 47823 | Desolati | Identified Depaf's Catalogue of the Feathery Snowflakes
 47857 | Desolati | Got a pitted bronze amulet
 47858 | Desolati | Identified the amulet of the Lonely Friars {Reflect rF+
                  | Str+2 SH+5 SInv} (You found it in the Desolation of Salt)
 47873 | Desolati | Got a clouded platinum ring
 47874 | Desolati | Identified the ring "Ziuroont" {+Inv +Fly rPois Str-3} (You
                  | found it in the Desolation of Salt)
 48081 | Desolati | Reached XP level 22. HP: 130/137 MP: 28/38
 48237 | Desolati | Identified the Disquisition on Unstable Venom
 48251 | Desolati | Identified the +7 flail "Orb Guardian's Doom" {freeze, rF+
                  | Int-5 Dex+3} (You found it in the Desolation of Salt)
 48270 | Desolati | Identified the +1 leather armour of the Meadowlark {rF+}
                  | (You found it in the Desolation of Salt)
 48506 | Desolati | Got a bound pewter amulet
 48507 | Desolati | Identified the amulet "Sycaczo" {Reflect SH+5 SInv} (You
                  | found it in the Desolation of Salt)
 49011 | Vaults:1 | Reached skill level 15 in Conjurations
 50055 | D:14     | Bought a scroll of identify for 30 gold pieces
 50055 | D:14     | Bought a scroll of enchant weapon for 112 gold pieces
 50055 | D:14     | Bought a scroll of enchant weapon for 112 gold pieces
 50055 | D:14     | Bought a scroll of identify for 30 gold pieces
 50055 | D:14     | Bought a scroll of identify for 30 gold pieces
 50166 | Vaults:2 | Noticed Donald
 50191 | Vaults:2 | Killed Donald
 50846 | Orc:2    | Bought a book of the Earth for 910 gold pieces
 50856 | Orc:2    | Learned a level 9 spell: Shatter
 51080 | Vaults:2 | Noticed Mara
 51084 | Vaults:2 | Noticed Hores's illusion
 51363 | Vaults:2 | Found Itzofi's Assorted Antiques.
 51371 | Vaults:2 | Bought a scroll of summoning for 275 gold pieces
 51371 | Vaults:2 | Bought a scroll of teleportation for 87 gold pieces
 51371 | Vaults:2 | Bought a scroll of magic mapping for 101 gold pieces
 51371 | Vaults:2 | Bought a potion of mutation for 232 gold pieces
 51371 | Vaults:2 | Bought a potion of brilliance for 116 gold pieces
 51686 | Vaults:2 | Noticed Hores's illusion
 52057 | Depths:1 | Entered Level 1 of the Depths
 52192 | Depths:1 | Found a corrupted altar of Lugonu.
 52480 | Depths:1 | Found a one-way gate to the infinite horrors of the Abyss.
 52561 | Depths:1 | Found a gateway to Hell.
 52725 | Depths:1 | Cast into level 2 of the Abyss (death knight)
 52884 | Abyss:2  | Found a corrupted altar of Lugonu.
 52955 | Abyss:2  | Gained mutation: You are very agile. (Dex +4) [a neqoxec]
 53272 | Abyss:2  | Reached XP level 23. HP: 144/144 MP: 28/28
 53358 | Depths:1 | Escaped the Abyss
 53756 | Depths:1 | Found a gateway to a ziggurat.
 53794 | Depths:1 | Found a basalt altar of Yredelemnul.
 53963 | Depths:2 | Found a sparkling altar of Nemelex Xobeh.
 53964 | Depths:2 | Found a sparkling altar of Nemelex Xobeh.
 54180 | Depths:2 | Found a shimmering altar of Xom.
 54180 | Depths:2 | Found a shimmering blue altar of Sif Muna.
 54218 | Depths:2 | Reached skill level 15 in Fighting
 54660 | Depths:2 | Identified the ring "Byediguq" {rPois rF+ rC++ rCorr Int-5}
 56439 | Depths:3 | Noticed Saint Roka
 56468 | Depths:3 | Killed Saint Roka
 56470 | Depths:3 | Reached skill level 16 in Conjurations
 56470 | Depths:3 | Reached XP level 24. HP: 48/151 MP: 24/41
 58013 | Depths:3 | Found Vasiurra's Magic Scroll Boutique.
 58016 | Depths:3 | Bought a scroll of teleportation for 51 gold pieces
 58016 | Depths:3 | Bought a scroll of identify for 34 gold pieces
 58016 | Depths:3 | Bought a scroll of blinking for 127 gold pieces
 58016 | Depths:3 | Bought a scroll of identify for 34 gold pieces
 58016 | Depths:3 | Bought a scroll of identify for 34 gold pieces
 58085 | Depths:3 | Found a one-way gate leading to the halls of Pandemonium.
 58522 | Vaults:2 | Noticed Hores's illusion
 59035 | Vaults:2 | Killed Mara
 60518 | Vaults:3 | Found Haklen's Weapon Boutique.
 60574 | Vaults:3 | Noticed Nikola
 60592 | Vaults:3 | Killed Nikola
 60739 | Vaults:3 | Found a staircase to the Crypt.
 61883 | Vaults:4 | Reached XP level 25. HP: 71/157 MP: 5/41
 62398 | Vaults:4 | Reached skill level 15 in Maces & Flails
 62836 | Vaults:4 | Found Uckank's Antique Weapon Shop.
 62996 | Vaults:5 | Entered Level 5 of the Vaults
 63175 | Crypt:1  | Entered Level 1 of the Crypt
 64181 | Crypt:2  | Reached skill level 17 in Conjurations
 64225 | Crypt:2  | Noticed an ancient lich
 64228 | Crypt:2  | Killed an ancient lich
 64603 | Crypt:2  | Identified the +7 whip "Vifer" {flame, rF+ rN+}
 64758 | Crypt:3  | Entered Level 3 of the Crypt
 64848 | Crypt:3  | Reached skill level 15 in Spellcasting
 65099 | Crypt:3  | Noticed an ancient lich
 65102 | Crypt:3  | Reached XP level 26. HP: 152/164 MP: 25/42
 65103 | Crypt:3  | Killed an ancient lich
 65224 | Crypt:3  | Identified Uppouz's Incunabulum of Darkness
 65241 | Crypt:3  | Found an ancient bone altar of Kikubaaqudgha.
 65494 | Crypt:3  | Cast into level 2 of the Abyss (+2 battleaxe of distortion)
 65950 | Crypt:3  | Escaped the Abyss
 66183 | Crypt:3  | Got a brightly glowing granite ring
 66183 | Crypt:3  | Got a scintillating pewter ring
 66189 | Crypt:3  | Identified the ring "Saum" {rC+ rN+ Int-4 Slay+3} (You
                  | found it on level 3 of the Crypt)
 66191 | Crypt:3  | Identified the ring "Buogim" {rN+ Str+4} (You found it on
                  | level 3 of the Crypt)
 66741 | Crypt:3  | Found a staircase to the Tomb.
 67319 | Vaults:5 | Reached XP level 27. HP: 123/172 MP: 11/42
 67459 | Vaults:5 | Reached skill level 18 in Conjurations
 67722 | Vaults:5 | Identified the Papyrus of Transformation
 67816 | Vaults:5 | Found the +7 great mace "Undeadhunter" {disrupt, rN+}
 68494 | Vaults:5 | Identified a +0 pair of boots of running (You found it on
                  | level 5 of the Vaults)
 69018 | Vaults:5 | Got a silver rune of Zot
 70571 | Depths:4 | Identified the +0 quarterstaff of the Pharaoh's Fist
                  | {vorpal, SInv Stlth+} (You found it on level 4 of the
                  | Depths)
 70902 | Depths:4 | Noticed Jory
 70917 | Depths:4 | Killed Jory
 71170 | Depths:4 | Got a twitching iron amulet
 71171 | Depths:4 | Identified the amulet of Reimbursement {*Drain +Blink rF+
                  | Regen+} (You found it on level 4 of the Depths)
 71433 | Depths:5 | Entered Level 5 of the Depths
 72448 | Depths:5 | Found a gate to the Realm of Zot.
 73323 | Depths:5 | Found a runed translucent door.
 73334 | Depths:5 | Found a runed translucent door.
 73334 | Depths:5 | Found a runed translucent door.
 73344 | Depths:5 | Found a runed translucent door.
 73355 | Depths:5 | Found a runed translucent door.
 73362 | Depths:5 | Found a runed translucent door.
 73759 | Zig:1    | Entered Level 1 of a ziggurat
 73919 | Zig:2    | Entered Level 2 of a ziggurat
 73943 | Zig:3    | Entered Level 3 of a ziggurat
 74002 | Zig:4    | Entered Level 4 of a ziggurat
 74033 | Zig:5    | Entered Level 5 of a ziggurat
 74052 | Zig:5    | Identified the +2 pair of gloves "Lugrucin" {Int+2} (You
                  | found it on level 5 of a ziggurat)
 74061 | Zig:6    | Entered Level 6 of a ziggurat
 74071 | Zig:6    | Reached skill level 15 in Dodging
 74123 | Zig:7    | Entered Level 7 of a ziggurat
 74129 | Zig:7    | Reached skill level 19 in Conjurations
 74275 | Zig:8    | Entered Level 8 of a ziggurat
 74321 | Zig:9    | Entered Level 9 of a ziggurat
 74329 | Zig:9    | Noticed a juggernaut
 74336 | Zig:9    | Killed a juggernaut
 74377 | Zig:10   | Entered Level 10 of a ziggurat
 74428 | Zig:10   | Acquired 530 gold pieces
 74449 | Zig:10   | Got a transparent wooden ring
 74450 | Zig:10   | Identified the ring "Guoclug" {+Fly rPois Str+6 Dex-3} (You
                  | found it on level 10 of a ziggurat)
 74506 | Zig:11   | Entered Level 11 of a ziggurat
 74536 | Zig:11   | Identified the Catalogue of Hurtful Venom
 74547 | Zig:12   | Entered Level 12 of a ziggurat
 74855 | Zig:12   | Got a steaming brass ring
 74856 | Zig:12   | Identified the cursed ring "Teiz" {rF+ EV-4 Str+2 Stlth+}
                  | (You found it on level 12 of a ziggurat)
 74865 | Zig:12   | Identified the +8 dire flail of Gaanuor {freeze, +Inv rPois
                  | rC- Str+3} (You found it on level 12 of a ziggurat)
 74877 | Zig:13   | Entered Level 13 of a ziggurat
 74887 | Zig:13   | Noticed a juggernaut
 74887 | Zig:13   | Noticed a juggernaut
 74890 | Zig:13   | Killed a juggernaut
 74893 | Zig:13   | Killed a juggernaut
 74903 | Zig:13   | Found the +8 demon trident "Rift" {distort, reach+}
 74929 | Zig:13   | Got a shimmering turquoise ring
 74930 | Zig:13   | Identified the ring of Sin {+Inv MR+ rCorr Int+2} (You
                  | found it on level 13 of a ziggurat)
 74936 | Zig:14   | Entered Level 14 of a ziggurat
 74951 | Zig:14   | Noticed Valat the pandemonium lord
 74952 | Zig:14   | Gained mutation: Armour fits poorly on your strangely
                  | shaped body. [a cacodemon]
 74957 | Zig:14   | Killed Valat the pandemonium lord
 74961 | Zig:14   | Reached skill level 20 in Conjurations
 75340 | Zig:15   | Entered Level 15 of a ziggurat
 75374 | Zig:15   | Got an ancient glass ring
 75375 | Zig:15   | Identified the ring "Vafaeg" {Fire rN+} (You found it on
                  | level 15 of a ziggurat)
 75382 | Zig:15   | Identified the Compendium of Dislocated Stones
 75392 | Zig:15   | Got a sparkling lead ring
 75393 | Zig:15   | Identified the ring "Kocwoo" {rPois Stlth-} (You found it
                  | on level 15 of a ziggurat)
 75413 | Zig:16   | Entered Level 16 of a ziggurat
 75486 | Zig:16   | Learned a level 8 spell: Lehudib's Crystal Spear
 75496 | Zig:16   | Learned a level 9 spell: Absolute Zero
 75496 | Zig:16   | Reached skill level 5 in Ice Magic
 75499 | Zig:16   | Reached skill level 10 in Ice Magic
 75502 | Zig:17   | Entered Level 17 of a ziggurat
 75537 | Zig:17   | Found the +8 lance "Wyrmbane" {slay drac, rPois rF+ rC+
                  | AC+3}
 75660 | Zig:18   | Entered Level 18 of a ziggurat
 75685 | Zig:18   | Reached skill level 21 in Conjurations
 75975 | Zig:18   | Found the +4 dagger "Morg" {pain, MR+ Int+5}
 75982 | Zig:18   | Identified Licuyg's Almanac of Enchanting Changing
 75988 | Zig:18   | Identified Jaegiy's Grimoire of Creation and Transmutation
 76030 | Zig:18   | Acquired 2010 gold pieces
 76038 | Zig:19   | Entered Level 19 of a ziggurat
 76396 | Zig:19   | Got a bound iron amulet
 76397 | Zig:19   | Identified the amulet of Mysticism {rC+ Regen+} (You found
                  | it on level 19 of a ziggurat)
 76399 | Zig:19   | Identified Tekhipn's Almanac of Virous Changing
 76401 | Zig:19   | Identified Asmodeus's Catalogue of Ignition
 76523 | Zig:20   | Entered Level 20 of a ziggurat
 76566 | Zig:20   | Found the +9 staff of Wucad Mu {channel}
 76770 | Zig:20   | Identified the +4 dire flail "Arofaig" {holy, +Blink rElec
                  | rF- MR-} (You found it on level 20 of a ziggurat)
 76777 | Zig:20   | Got a clouded bronze ring
 76778 | Zig:20   | Identified the ring "Wyotisups" {rElec rN++ MR+ Str-3
                  | Dex+4} (You found it on level 20 of a ziggurat)
 76827 | Zig:21   | Entered Level 21 of a ziggurat
 76852 | Zig:21   | Reached skill level 15 in Ice Magic
 76882 | Zig:21   | Identified the Compendium of Confrontation
 76928 | Zig:21   | Identified Loegull's Grimoire of Icy Confrontation
 76965 | Zig:22   | Entered Level 22 of a ziggurat
 76985 | Zig:22   | Noticed Firulel the pandemonium lord
 76986 | Zig:22   | Gained mutation: You occasionally shout uncontrollably at
                  | your foes. [a cacodemon]
 76987 | Zig:22   | Reached skill level 22 in Conjurations
 76987 | Zig:22   | Killed Firulel the pandemonium lord
 77415 | Zig:22   | Found the +8 trident of the Octopus King {venom, rElec
                  | rPois MR+}
 77439 | Zig:22   | Got a slimy platinum ring
 77440 | Zig:22   | Identified the ring of Vaabb {rElec Int+4 Dex+6} (You found
                  | it on level 22 of a ziggurat)
 77449 | Zig:22   | Identified Pauquot's Reference Book on Blistering Evil
 77467 | Zig:22   | Got a scintillating pewter ring
 77468 | Zig:22   | Identified the ring "Neggergh" {MP+9 Slay+2} (You found it
                  | on level 22 of a ziggurat)
 77482 | Zig:23   | Entered Level 23 of a ziggurat
 77556 | Zig:23   | Identified Zintipt's Volume of Combat Magic
 77582 | Zig:23   | Identified the +10 eveningstar of Melee {speed, Fragile
                  | rElec rPois Int+2} (You found it on level 23 of a ziggurat)
 77602 | Zig:23   | Got a fine granite ring
 77603 | Zig:23   | Identified the ring "Rudibeet" {rC+ Str+6} (You found it on
                  | level 23 of a ziggurat)
 77686 | Zig:24   | Entered Level 24 of a ziggurat
 77719 | Zig:24   | Reached skill level 23 in Conjurations
 77834 | Zig:24   | Identified the Disquisition on Transformation and Attacks
 77840 | Zig:24   | Identified Sif Muna's Compendium of Dark Attacks
 77932 | Zig:25   | Entered Level 25 of a ziggurat
 77953 | Zig:25   | Noticed Limnim the pandemonium lord
 77960 | Zig:25   | Killed Limnim the pandemonium lord
 77961 | Zig:25   | HP: 9/188 [monstrous warmonger/arrow (3)]
 78331 | Zig:25   | Identified the Disquisition on Evil and Attacks
 78375 | Zig:26   | Entered Level 26 of a ziggurat
 78393 | Zig:26   | Noticed a juggernaut
 78394 | Zig:26   | Noticed a juggernaut
 78397 | Zig:26   | Noticed a juggernaut
 78400 | Zig:26   | Killed a juggernaut
 78400 | Zig:26   | Killed a juggernaut
 78400 | Zig:26   | Noticed a juggernaut
 78401 | Zig:26   | Killed a juggernaut
 78402 | Zig:26   | Noticed a juggernaut
 78404 | Zig:26   | Killed a juggernaut
 78405 | Zig:26   | Killed a juggernaut
 78409 | Zig:26   | Reached skill level 24 in Conjurations
 78478 | Zig:26   | Identified the Almanac of Unstable Enchantment
 78480 | Zig:26   | Identified the Almanac of the Warped Frostbite
 78507 | Zig:27   | Entered Level 27 of a ziggurat
 78529 | Zig:27   | Paralysed by a floating eye for 4 turns
 78594 | Zig:27   | Identified the cursed +0 robe of Weblyely {MP+9} (You found
                  | it on level 27 of a ziggurat)
 78600 | Zig:27   | Got a clouded golden ring
 78601 | Zig:27   | Identified the ring "Deonn" {*Tele rF+} (You found it on
                  | level 27 of a ziggurat)
 78605 | Zig:27   | Got a clouded lapis lazuli ring
 78606 | Zig:27   | Identified the ring "Reosiodd" {Ice *Slow rPois MP-9 Int+8}
                  | (You found it on level 27 of a ziggurat)
 78618 | Zig:27   | Identified the Grimoire of Earth
 78621 | Zig:27   | Identified the +2 buckler of Resilience {rPois Regen+} (You
                  | found it on level 27 of a ziggurat)
 78622 | Zig:27   | Identified the Papyrus of Transformation
 78640 | Zig:27   | Identified the cursed +1 robe of Entitlement {Rampage rCorr
                  | Int+4 Dex+4} (You found it on level 27 of a ziggurat)
 78857 | Slime:1  | Entered Level 1 of the Pits of Slime
 78890 | Slime:1  | Gained mutation: You are frail. (-10% HP) [a shining eye]
 79019 | Slime:3  | Noticed Dissolution
 79024 | Slime:3  | Killed Dissolution
 79126 | Slime:5  | Entered Level 5 of the Pits of Slime
 79400 | Slime:5  | Lost mutation: Your muscles are strong. (Str +2) [a shining
                  | eye]
 79428 | Slime:5  | Found a viscous altar of Jiyva.
 79429 | Slime:5  | Noticed the Royal Jelly
 79431 | Slime:5  | Found the +10 dark maul {vorpal}
 79437 | Slime:5  | Killed the Royal Jelly
 79633 | Slime:5  | Got a slimy rune of Zot
 79666 | Slime:5  | Got a faintly glowing platinum amulet
 79667 | Slime:5  | Identified the amulet "Viappox" {Acrobat Fragile +Inv rN+
                  | Int+2} (You found it on level 5 of the Pits of Slime)
 79712 | Slime:5  | Got a brightly glowing lead ring
 79713 | Slime:5  | Identified the ring "Niereiqo" {rElec Int+6} (You found it
                  | on level 5 of the Pits of Slime)
 79971 | Zig:1    | Entered Level 1 of a ziggurat
 80002 | Zig:2    | Entered Level 2 of a ziggurat
 80035 | Zig:3    | Entered Level 3 of a ziggurat
 80109 | Zig:4    | Entered Level 4 of a ziggurat
 80143 | Zig:5    | Entered Level 5 of a ziggurat
 80148 | Zig:5    | Noticed a greater mummy
 80152 | Zig:5    | Killed a greater mummy
 80152 | Zig:5    | Reached skill level 25 in Conjurations
 80178 | Zig:5    | Got a steaming zirconium amulet
 80179 | Zig:5    | Identified the amulet "Limpav" {RegenMP Str+2 Dex-5 Slay+5}
                  | (You found it on level 5 of a ziggurat)
 80310 | Zig:6    | Entered Level 6 of a ziggurat
 80332 | Zig:6    | Identified Cezoruyx's Collected Works on Necromancy
 80351 | Zig:7    | Entered Level 7 of a ziggurat
 80382 | Zig:7    | Got a warped copper ring
 80384 | Zig:7    | Identified the ring of Uskayaw's Scorn {Fire rN+ Int+6}
                  | (You found it on level 7 of a ziggurat)
 80400 | Zig:8    | Entered Level 8 of a ziggurat
 80413 | Zig:8    | Found the +0 mask of the Dragon {MR+ Slay+3 SInv}
 80452 | Zig:9    | Entered Level 9 of a ziggurat
 80463 | Zig:9    | Found the +2 hood of the Assassin {Detection Stab+ Stlth++}
 80488 | Zig:10   | Entered Level 10 of a ziggurat
 80500 | Zig:10   | Noticed Bopul the pandemonium lord
 80502 | Zig:10   | Killed Bopul the pandemonium lord
 80582 | Zig:10   | Identified the Almanac of Supportive Execration
 80596 | Zig:10   | Got an ancient bronze ring
 80597 | Zig:10   | Identified the ring of Qiavvoatt {Int+5 SInv} (You found it
                  | on level 10 of a ziggurat)
 80612 | Zig:11   | Entered Level 11 of a ziggurat
 80619 | Zig:11   | Noticed kuniqs's ghost (legendary DECj)
 80620 | Zig:11   | Noticed Qumaaz's ghost (legendary HuIE)
 80629 | Zig:11   | Killed kuniqs's ghost
 80675 | Zig:11   | Identified Sif Muna's Papyrus of Entrancing Cold
 80748 | Zig:12   | Entered Level 12 of a ziggurat
 80755 | Zig:12   | Noticed an ancient lich
 80758 | Zig:12   | Killed an ancient lich
 80838 | Zig:13   | Entered Level 13 of a ziggurat
 80846 | Zig:13   | Noticed an ancient lich
 80853 | Zig:13   | Reached skill level 26 in Conjurations
 80854 | Zig:13   | Killed an ancient lich
 80882 | Zig:13   | Got a slimy wooden ring
 80883 | Zig:13   | Identified the ring "Qikix" {Wiz rElec rC- MR+} (You found
                  | it on level 13 of a ziggurat)
 80899 | Zig:14   | Entered Level 14 of a ziggurat
 80907 | Zig:14   | Noticed an orb of fire
 80907 | Zig:14   | Noticed an orb of fire
 80908 | Zig:14   | Noticed an orb of fire
 80908 | Zig:14   | Noticed an orb of fire
 80908 | Zig:14   | Lost mutation: You are very agile. (Dex +4) [an orb of
                  | fire]
 80911 | Zig:14   | Noticed an orb of fire
 80913 | Zig:14   | Killed from afar by an orb of fire

Illustrated notes

Levels and vault maps discovered:
D:1:      dpeg_arrival_castle, layout_basic, kennysheep_another_room
D:2:      layout_loops_ring, led_sif_pool, chequers_ecumenical_altar_island,
          lemuel_tele_altar
D:3:      layout_loops_ring, nemelex_xobeh_ov_fountains_minmay
D:4:      layout_basic, gammafunk_ghost_nasty_kobolds, fedhas_altar_4
D:5:      layout_rooms, grunt_temple_overflow_cloverleaf,
          chequers_serial_rivers_micro_a, uniq_menkaure, uniq_grinder, uniq_ijyb
D:6:      wander_guarded_unrand_ratskin, layout_basic, portal_sewer_entry_d
D:7:      layout_basic, temple_doors_e, minmay_misc_feat_tower
D:8:      layout_loops_corners, small_statue_intersection, uniq_joseph,
          uniq_maggie
D:9:      layout_long_grid, ebering_ghost_xom, minivault_20, uniq_psyche
D:10:     layout_loops_ring, dpeg_lair_monsters, zombieorc2_lemuel, basic_altar
D:11:     layout_irregular_city, basic_altar, serial_shops, shop_statue,
          nicolae_shop_behind_doors, gammafunk_ghost_wrathful_warriors,
          minmay_door_square
D:12:     layout_long_grid, nicolae_good_shop
D:13:     layout_gridville, grunt_vaults_entry_fortified, minivault_29
D:14:     cheibrodos_hippocracy, layout_rooms, portal_ice_cave_entry_pillars_2,
          nicolae_ru_the_path_less_chosen, serial_shops, shop, shop,
          shop_fountains, shop, kennysheep_mini, serial_park_tiny_pond
D:15:     hangedman_depths_entry_civil_slaughter, layout_rooms, minivault_14,
          uniq_louise, uniq_rupert
Temple:   eino_temple_scatter_basement
Lair:1:   layout_roguey, kennysheep_abandoned_house, uniq_gastronok
Lair:2:   layout_gridlike, disabler_island
Lair:3:   layout_gridlike, grunt_megastairs_5
Lair:4:   layout_gridlike, minmay_shoals_entry_lonely_mermaid,
          minmay_snake_entry_guardpost_large
Lair:5:   layout_hall_layers, slime_altar_2
Lair:6:   minmay_lair_end_enchanted_forest, layout_misc_corridors, uniq_nessos
Shoals:1: layout_shoals, nicolae_shoals_cliffside_cave
Shoals:2: layout_shoals, nicolae_alphabet_shops, nicolae_shoals_so_close
Shoals:3: layout_shoals, serial_shops, nicolae_shop_crystal,
          lemuel_centaur_altar
Shoals:4: shoals_end_simple, layout_shoals, ebering_ghost_davey_jones,
          nicolae_shoals_siren_and_animal_friends
Snake:1:  layout_onion, minmay_shoptagon
Snake:2:  layout_honeycomb
Snake:3:  gammafunk_its_a_trap, layout_cave_town, serial_shops, shop,
          serial_bayou_shore_b, uniq_vashnia
Snake:4:  snake_pit, layout_rooms, gammafunk_ghost_grave, lemuel_fruit_tree
Slime:1:  layout_caves
Slime:2:  nicolae_slime_jelly_donut, layout_caves
Slime:3:  layout_caves, uniq_dissolution
Slime:4:  layout_caves
Slime:5
Orc:1:    layout_caves, serial_shops, nicolae_shop_behind_doors
Orc:2:    pubby_orc_utopia
Elf:1:    eino_elf_arrival_sip, layout_rooms, serial_shops, shop,
          minmay_elf_necromancy
Elf:2:    layout_rooms, serial_shops, nicolae_shop_crystal, grunt_ministairs_2
Elf:3:    elf_hall, layout_gridlike, grunt_megastairs_3
Vaults:1: grunt_vaults_bifocal, v_misc_27, nicolae_vaults_three_branches,
          v_misc_10, vaults_mumra_chevron, hangedman_vaults_stretched_pinwheel,
          nicolae_vaults_little_squares_6, vaults_room_stairs_pillars,
          ontoclasm_vaults_chip, ontoclasm_vaults_idyll,
          nicolae_vaults_mini_display_case, hangedman_vaults_capsules,
          vaults_room_grid, vaults_room_ringed_pool, vaults_room_stairs_pillars,
          layout_vaults_omnibox, portal_desolation_entry_nicolae_slug,
          serial_shops, freezing_bzr
Vaults:2: hangedman_vaults_river_flow, hangedman_vaults_restitches,
          vaults_room_corners, nicolae_vaults_back_hallway, st_lattice,
          hangedman_vaults_unwind, v_misc_13, hangedman_vaults_hat,
          vaults_mumra_lcd, v_misc_11, layout_vaults_maze, serial_shops,
          shop_fountains, uniq_mara, uniq_donald
Vaults:3: ontoclasm_vaults_shuriken, v_misc_18, v_misc_19,
          minmay_crypt_entry_vampire_xt, nicolae_vaults_alarming,
          vaults_room_fours, vaults_room_glass_cross, ontoclasm_vaults_fault,
          ontoclasm_vaults_loading_screen,
          nicolae_vaults_windows_and_doors_thing, vaults_room_door_hall,
          layout_vaults_omnicross, serial_shops, nicolae_shop_trees, uniq_nikola
Vaults:4: hangedman_vaults_stream, nicolae_vaults_hallways_thing, v_misc_3,
          vaults_room_pool, vaults_mumra_bighexcomb, v_misc_10,
          hangedman_vaults_maws, nicolae_vaults_rhombus_7, vaults_mumra_hexcomb,
          v_misc_8, nicolae_vaults_little_squares_4, hangedman_vaults_stagger,
          layout_vaults_ring, serial_shops, nicolae_shop_waterfront
Vaults:5
Crypt:1:  layout_chaotic_city, st_stairs_4, grunt_ministairs_8
Crypt:2:  layout_rooms
Crypt:3:  cryptofortress_bobbens
Depths:1: layout_cave_pools, enter_ziggurat_e, serial_column_ruins,
          column_ruins_circle_small, column_ruins_open_tiny,
          column_ruins_grid_1, column_ruins_corridor_straight,
          column_ruins_columns_plus, column_ruins_corridor_T,
          abyss_entry_flame_altar, hangedman_decor_opposing, hell_entry,
          hangedman_blasphemy
Depths:2: minmay_the_grid_octo_2x2 [minmay_the_grid_octo_fan_narrow,
          minmay_the_grid_octo_shrine, minmay_the_grid_octo_focus,
          minmay_the_grid_octo_prize_square_snowflake], layout_basic,
          minmay_crystal_room, hellmouth_1, abyss_entry,
          infiniplex_staircase_diamond
Depths:3: minmay_distorted_concentric_squares, layout_gridville, serial_shops,
          shop_statue, rand_demon_pan_entry_4, hell_entry, uniq_saint_roka
Depths:4: radiant_caverns_a_rkd, abyss_entry, hell_entry, uniq_jory,
          uniq_margery
Depths:5: evilmike_zot_entry_castle, layout_gridlike, hell_entry,
          hangedman_decor_clover_reticule, minmay_misc_feat_ornament,
          hangedman_stitches_earthworm
Zig:14

Skill      XL: |  1  2  3  4  5  6  7  8  9 10 11 12 13 14 15 16 17 18 19 20 21 22 23 24 25 26 27 |
---------------+----------------------------------------------------------------------------------+-----
Earth Magic    | 4 5 6 7 8 9 10 11 12 13 14 15 16 17 18 19 22 | 22.0
Conjurations   | 1 2 3 4 5 6 7 8 9 10 11 12 13 14 15 16 17 26 | 26.0
Spellcasting   | 3 4 5 6 7 8 9 10 11 12 13 14 15 22 | 22.8
Armour         | 1 3 4 6 7 8 |  8.0
Fighting       | 1 3 4 5 7 8 9 10 11 12 13 14 15 16 17 25 | 25.8
Maces & Flails | 1 2 4 5 6 7 8 9 10 11 12 13 14 15 16 | 16.0
Dodging        | 2 3 4 5 6 7 8 9 10 11 12 13 14 15 | 15.0
Evocations     | 2 4 5 6 |  6.0
Fire Magic     | 1 5 7 8 10 11 12 13 14 15 16 17 18 19 20 21 22 | 22.0
Shields        | 3 4 |  4.0
Ice Magic      | 21 | 21.4
Stealth        | |  2.1
Transmutations | |  0.7

Action                   |  1- 3 |  4- 6 |  7- 9 | 10-12 | 13-15 | 16-18 | 19-21 | 22-24 | 25-27 || total
-------------------------+-------+-------+-------+-------+-------+-------+-------+-------+-------++-------
Melee: Unarmed           |    44 |       |       |       |       |       |       |       |       ||    44
       Club              |    80 |       |       |       |       |       |       |       |       ||    80
       Mace              |     6 |    34 |       |       |       |       |       |       |       ||    40
       Dagger            |       |    84 |       |       |       |       |       |       |       ||    84
       Long sword        |       |    30 |     9 |       |       |       |       |       |       ||    39
       Whip              |       |       |   296 |   579 |  1488 |   850 |   621 |       |       ||  3834
       Eveningstar       |       |       |       |       |       |       |   199 |  1076 |  1379 ||  2654
       Demon whip        |       |       |       |       |       |       |       |       |    63 ||    63
Throw: Throwing net      |       |       |       |       |       |       |       |     5 |     1 ||     6
 Cast: Sandblast         |    24 |    41 |    31 |    18 |    45 |    18 |       |       |       ||   177
       Stone Arrow       |       |     2 |     1 |    14 |     1 |       |       |       |     4 ||    22
       Lee's Rapid Decon |       |       |     2 |    35 |    96 |    31 |    55 |    42 |   107 ||   368
       Iron Shot         |       |       |       |       |    21 |    77 |    85 |    91 |    80 ||   354
       Starburst         |       |       |       |       |    40 |    32 |       |       |       ||    72
       Fireball          |       |       |       |       |    20 |       |       |     1 |     1 ||    22
       Ignition          |       |       |       |       |       |    18 |    98 |    99 |   139 ||   354
       Shatter           |       |       |       |       |       |       |       |    33 |   248 ||   281
       Lehudib's Crystal |       |       |       |       |       |       |       |       |    25 ||    25
       Absolute Zero     |       |       |       |       |       |       |       |       |     9 ||     9
 Abil: Fly               |       |       |       |       |     1 |       |       |       |       ||     1
       Evoke Invisibilit |       |       |       |       |       |       |       |       |     2 ||     2
Evoke: Wand              |       |       |     1 |     8 |    22 |     8 |     5 |       |     4 ||    48
       Condenser vane    |       |       |       |       |       |     4 |     1 |     2 |     1 ||     8
       Phantom mirror    |       |       |       |       |       |     1 |     1 |       |       ||     2
       Tin of tremorston |       |       |       |       |       |     3 |       |       |     1 ||     4
       Figurine of a zig |       |       |       |       |       |       |       |       |     1 ||     1
  Use: Scroll            |       |    13 |    10 |     7 |    15 |    17 |    28 |    12 |    60 ||   162
       Potion            |       |     5 |     2 |     1 |     3 |    12 |     3 |     1 |    36 ||    63
 Stab: Sleeping          |     5 |     2 |    11 |     4 |     6 |     1 |       |       |     6 ||    35
       Distracted        |       |       |       |     2 |     2 |     2 |       |     1 |     2 ||     9
       Invisible         |       |       |       |     4 |       |       |       |       |     4 ||     8
       Fleeing           |       |       |       |       |       |       |       |     1 |       ||     1
Armor: Robe              |    68 |    55 |    73 |   186 |   359 |       |       |       |       ||   741
       Quicksilver drago |       |       |       |       |   203 |   393 |   372 |   578 |   872 ||  2418
Dodge: Dodged            |   141 |   103 |   218 |   351 |  1144 |   525 |   419 |   801 |  1248 ||  4950
Block: Other             |       |       |     2 |   112 |     1 |       |       |       |       ||   115
       Reflection        |       |       |       |     4 |       |       |       |       |       ||     4
       Buckler           |       |       |       |       |   221 |   217 |   198 |   308 |   453 ||  1397
       Rpst.: Long sword |       |     9 |     2 |       |       |       |       |       |       ||    11

Table legend: (Time is in decaauts)
 A = Elapsed time spent in this place.
 B = Non-inter-level travel time spent in this place.
 C = Inter-level travel time spent in this place.
 D = Time resting spent in this place.
 E = Time spent auto-exploring this place.
 F = Levels seen in this place.
 G = Mean time per level.
                   A        B        C        D        E       F      G
               +--------+--------+--------+--------+--------+-----+--------+
         Total |  78403 |  73958 |   4445 |  16330 |  39225 |  99 |  791.9 |
       Dungeon |  21573 |  19855 |   1718 |   3493 |  12035 |  15 | 1438.2 |
        Temple |     37 |     27 |     10 |      0 |     15 |   1 |   37.0 |
          Lair |   7424 |   6756 |    668 |    906 |   4654 |   6 | 1237.3 |
        Shoals |   5159 |   5014 |    145 |    762 |   2984 |   4 | 1289.8 |
     Snake Pit |   5487 |   5295 |    192 |    682 |   3477 |   4 | 1371.8 |
    Slime Pits |    850 |    818 |     32 |    472 |      0 |   5 |  170.0 |
  Orcish Mines |   3067 |   2806 |    261 |    518 |   1342 |   2 | 1533.5 |
   Elven Halls |   3571 |   3435 |    136 |    446 |   2052 |   3 | 1190.3 |
        Vaults |  10183 |   9413 |    770 |   2561 |   5059 |   5 | 2036.6 |
         Crypt |   3111 |   2982 |    129 |    279 |   1879 |   3 | 1037.0 |
        Depths |   9294 |   8913 |    381 |   2811 |   4216 |   5 | 1858.8 |
         Abyss |   1904 |   1904 |      0 |    384 |    696 |   3 |  634.7 |
      Ziggurat |   5495 |   5495 |      0 |   3003 |     72 |  41 |  134.0 |
        Bazaar |    264 |    264 |      0 |      0 |    216 |   1 |  264.0 |
    Desolation |    976 |    976 |      0 |     10 |    526 |   1 |  976.0 |
               +--------+--------+--------+--------+--------+-----+--------+

Top non-repeatable levels by time:
    D:13: 3019 daAuts
Depths:2: 2622 daAuts
   Orc:2: 2499 daAuts
Vaults:1: 2392 daAuts
Vaults:2: 2166 daAuts
Vaults:4: 2070 daAuts
Depths:5: 2059 daAuts
 Snake:2: 2018 daAuts
    D:14: 1952 daAuts
 Abyss:2: 1904 daAuts
Shoals:4: 1895 daAuts
Depths:3: 1840 daAuts
Depths:4: 1818 daAuts
Vaults:3: 1800 daAuts
Vaults:5: 1753 daAuts
